 Dungeon Crawl Stone Soup version 0.30-a0-476-g330ca2eb8e (webtiles) character file.

Game seed: 15438396633109533298

1617 zero the Thaumaturge (level 8, -1/41 HPs)
             Began as a Deep Elf Conjurer on Dec 21, 2022.
             Was an Initiate of Vehumet.
             Constricted to death by Maggie (5 damage)
             ... on level 7 of the Dungeon.
             The game lasted 00:04:59 (5346 turns).

zero the Thaumaturge (Deep Elf Conjurer)            Turns: 5346, Time: 00:05:00

Health: -1/41      AC:  9    Str:  4    XL:     8   Next: 64%
Magic:  12/23      EV:  9    Int: 26    God:    Vehumet [......]
Gold:   467        SH:  0    Dex: 13    Spells: 18/25 levels left

rFire   . . .      SeeInvis .    D - +5 short sword
rCold   + . .      Faith    .    (no shield)
rNeg    . . .      Spirit   .    a - +0 robe
rPois   .          Reflect  .    B - +1 helmet
rElec   .          Harm     .    A - +0 cloak
rCorr   .          Rampage  .    t - +2 pair of gloves
Will    .....                    o - +0 pair of boots
Stlth   ++........               k - amulet of magic regeneration
HPRegen 0.26/turn                C - ring of protection from cold
MPRegen 0.58/turn                (no ring)

@: weak-willed, grasped by roots, constricted
A: no striking features
a: Renounce Religion


You were on level 7 of the Dungeon.
You worshipped Vehumet.
Vehumet was noncommittal.
You visited 1 branch of the dungeon, and saw 7 of its levels.

You collected 467 gold pieces.

Inventory:

Hand Weapons
 m - a +0 rapier
 u - a +0 short sword of draining
 D - a +5 short sword (weapon)
Armour
 a - a +0 robe (worn)
 o - a +0 pair of boots (worn)
 t - a +2 pair of gloves (worn)
 A - a +0 cloak (worn)
 B - a +1 helmet (worn)
Magical Staves
 l - a staff of cold
Jewellery
 k - an amulet of magic regeneration (around neck)
 p - a ring of ice
 C - a ring of protection from cold (left hand)
Wands
 y - a wand of paralysis (14)
 z - a wand of roots (11)
Scrolls
 c - 2 scrolls of poison
 e - 2 scrolls of immolation
 f - 4 scrolls of identify
 j - a scroll of amnesia
 s - 3 scrolls of teleportation {unknown}
 v - 2 scrolls of magic mapping {unknown}
 w - a scroll of blinking {unknown}
 x - 2 scrolls of fear {unknown}
Potions
 b - a potion of magic
 d - a potion of brilliance {unknown}
 g - 5 potions of curing {unknown}
 h - 2 potions of might {unknown}
 i - 2 potions of degeneration {unknown}
 n - a potion of cancellation {unknown}
 r - a potion of haste
 E - a potion of mutation {unknown}


   Skills:
 - Level 2.4 Dodging
 - Level 2.4 Stealth
 + Level 9.0 Spellcasting
 - Level 8.0 Conjurations
 - Level 7.0 Translocations


You had 18 spell levels left.
You knew the following spells:

 Your Spells              Type           Power      Damage    Failure   Level
a - Magic Dart            Conj           100%       1d8       1%          1
b - Searing Ray           Conj           100%       2d8       1%          2
c - Iskenderun's Mystic   Conj/Tloc      50%        2d11      2%          4

Your spell library contained the following spells:

 Spells                   Type           Power      Damage    Failure   Level
 Kiss of Death            Conj/Necr      100%       2d13      1%          1
 Dazzling Flash           Conj/Hex       64%        N/A       3%          3
 Necrotise                Necr           44%        1d6       4%          1
 Mephitic Cloud           Conj/Pois/Air  25%        N/A       4%          3
 Kindle Blastsparks       Fire/Tloc/Air  46%        2d13      6%          3
 Cigotuvi's Dreadful Rot  Necr/Pois/Air  22%        N/A       8%          2
 Poisonous Vapours        Pois/Air       22%        N/A       8%          2
 Sublimation of Blood     Necr           11%        N/A       8%          2
 Fulminant Prism          Conj/Hex       16%        3d10      10%         4
 Confusing Touch          Hex            11%        N/A       16%         3
 Vampiric Draining        Necr           11%        2d6       16%         3
 Irradiate                Conj/Tmut      16%        3d17      26%         5
 Dispel Undead            Necr           11%        3d9       45%         4
 Petrify                  Tmut/Erth      11%        N/A       45%         4
 Agony                    Necr           11%        N/A       80%         5
 Lee's Rapid Deconstruct  Erth           5%         3d6*      80%         5


Dungeon Overview and Level Annotations

Branches:
Dungeon (7/15)             Temple (0/1) D:5

Altars:
Kikubaaqudgha
Vehumet
Xom

Annotations:
D:7 Maggie


Message History

Confirm with . or Enter, or press ? or * to list all spells.
You erupt in a blast of force!
The mystic blast hits the gargoyle.
The gargoyle is lightly damaged.
The gargoyle is knocked back by the mystic blast.
The mystic blast hits Maggie!
Maggie is heavily wounded.
Maggie is knocked back by the mystic blast.
Casting: Iskenderun's Mystic Blast (dangerous; 2% risk of failure)
Confirm with . or Enter, or press ? or * to list all spells.
You erupt in a blast of force!
The mystic blast hits the gargoyle but does no damage.
The gargoyle is lightly damaged.
Maggie says, "Leave now, and tell all of Margery's mercy!"
Casting: Iskenderun's Mystic Blast (dangerous; 2% risk of failure)
Confirm with . or Enter, or press ? or * to list all spells.
You erupt in a blast of force!
The mystic blast hits Maggie!
Maggie is heavily wounded.
Maggie is knocked back by the mystic blast.
The mystic blast hits the gargoyle.
The gargoyle is moderately damaged.
The gargoyle is knocked back by the mystic blast.
As you read the scroll labelled QUCAOG ZASOE, it crumbles to dust.
The creatures around you are filled with an inner flame!
It was a scroll of immolation.
As you read the scroll labelled KUUJ TES CIM, it crumbles to dust.
It is a scroll of identify.
j - a scroll of amnesia The air fills with toxic fumes!
As you read the scroll labelled RIXTOR OSI, it crumbles to dust.
It was a scroll of poison.
The gargoyle hits you with a +0 mace!!
As you read the scroll labelled ITIS OTWAIDAOPH, it crumbles to dust.
Magic quickly surges around you.
It was a scroll of vulnerability.
The gargoyle hits you with a +0 mace!!
* * * LOW HITPOINT WARNING * * *
Maggie zaps a wand.
The roots erupt in riotous growth!
The gargoyle is unaffected.
Maggie is unaffected.
The grasping roots grab you! The grasping roots constrict you.
You die...

###....## .. .....### §§
#§§§§§§§§§ ....###..
§###§§§§§§§§§. #<.........
§§§§§§§§§§§§. ###........
§§§§§§§§§§§.. ....<....# #
#§§§§§§§§§§.# .........##
#§##§@§§§§§§§.#
..........###§§§§9§§§§§§§.##
..............#§§@§§§#.....#
..........§§§§§§§§§§§§§§§...
..........§§§§§§§§§§§§§§§...
.......(†.§§§§§§§§§§§§§§§...
#.#.......§§§§§§§§§§§§§§§...
#.#...###.§§§§§§§§§§§§§§§...
..........§§§§§§§§§§§§§§§...
..........§§#§§§§§§§§§§§§...
...........##.(.............


You could see Maggie (inner flame, weak-willed) and a gargoyle (inner flame,
weak-willed).

Vanquished Creatures
  A wyvern (D:7)
  A water moccasin (D:6)
  2 black bears
  An orc warrior (D:6)
  A sky beast (D:6)
  A centaur (D:5)
  A kobold brigand (D:7)
  Blork the orc (D:6)
  A bullfrog (D:5)
  2 necrophages (D:4)
  A scorpion (D:7)
  3 vampire bats (D:3)
  3 hounds
  3 jellies
  An iguana (D:5)
  4 gnolls (D:5)
  5 adders
  A shadow imp (D:5)
  2 white imps (D:7)
  4 ufetubi
  13 orcs
  A bat skeleton (D:3)
  5 bat zombies (D:3)
  5 endoplasms
  5 giant cockroaches
  10 hobgoblins
  2 quokkas
  5 ball pythons
  6 bats
  2 frilled lizards (D:1)
  11 goblins
  2 kobolds (D:3)
  5 rats
111 creatures vanquished.

Notes
Turn   | Place    | Note
-------+----------+-------------------------------------------
     0 | D:1      | zero the Deep Elf Conjurer began the quest for the Orb.
     0 | D:1      | Reached XP level 1. HP: 10/10 MP: 6/6
   191 | D:1      | You fall into a shaft and drop 1 floor!
   284 | D:2      | Reached XP level 2. HP: 15/15 MP: 6/8
   287 | D:2      | Learned a level 2 spell: Searing Ray
   501 | D:2      | Reached skill level 4 in Spellcasting
  1337 | D:1      | Reached XP level 3. HP: 18/19 MP: 8/10
  2074 | D:3      | Reached skill level 5 in Spellcasting
  2149 | D:3      | Reached skill level 5 in Conjurations
  2187 | D:3      | Found an ancient bone altar of Kikubaaqudgha.
  2202 | D:3      | Reached XP level 4. HP: 20/24 MP: 11/13
  2204 | D:3      | Reached XP level 5. HP: 19/28 MP: 9/14
  2696 | D:4      | Reached XP level 6. HP: 31/32 MP: 10/15
  2701 | D:4      | Learned a level 4 spell: Iskenderun's Mystic Blast
  2831 | D:4      | Reached skill level 1 in Translocations
  3230 | D:5      | Entered Level 5 of the Dungeon
  3275 | D:5      | Found a shimmering altar of Xom.
  3290 | D:5      | Reached XP level 7. HP: 31/36 MP: 12/17
  3649 | D:5      | Reached skill level 6 in Spellcasting
  3677 | D:5      | Found a radiant altar of Vehumet.
  3714 | D:5      | Became a worshipper of Vehumet
  3941 | D:5      | Found a staircase to the Ecumenical Temple.
  4227 | D:6      | Reached skill level 5 in Translocations
  4237 | D:6      | Noticed Blork the orc
  4245 | D:6      | Killed Blork the orc
  4290 | D:6      | Reached skill level 7 in Spellcasting
  4290 | D:6      | Reached XP level 8. HP: 18/41 MP: 10/20
  5238 | D:7      | Reached skill level 8 in Spellcasting
  5260 | D:7      | Reached skill level 9 in Spellcasting
  5332 | D:7      | Noticed Maggie
  5337 | D:7      | Noticed a gargoyle
  5346 | D:7      | Constricted to death by Maggie

Illustrated notes

Levels and vault maps discovered:
D:1:      minmay_arrival_split_and_join, layout_loops_ring, minmay_pentomino_o4
D:2:      layout_loops_ring
D:3:      layout_rooms, kennysheep_vampire_church, chequers_avenue,
          guppyfry_early_orc_mine
D:4:      layout_loops_ring
D:5:      layout_loops_corners, nicolae_vehumet_radiance, xom_butterflies,
          temple_pool_b
D:6:      layout_basic, uniq_blork_the_orc
D:7:      cheibrodos_helix_gallery, layout_rooms, uniq_menkaure, uniq_maggie

Skill      XL: |  1  2  3  4  5  6  7  8 |
---------------+-------------------------+-----
Spellcasting   | 4 5 7 9 |  9.0
Conjurations   | 5 6 7 8 |  8.0
Translocations | 3 5 7 |  7.0
Dodging        | |  2.4
Stealth        | |  2.4

Action                   |  1- 3 |  4- 6 |  7- 9 || total
-------------------------+-------+-------+-------++-------
Melee: War axe           |     8 |       |       ||     8
       Rapier            |    27 |     2 |       ||    29
       Short sword       |       |    15 |    22 ||    37
       Punch             |       |       |     1 ||     1
 Cast: Magic Dart        |    89 |    35 |    35 ||   159
       Searing Ray       |       |    11 |    26 ||    37
       Iskenderun's Myst |       |       |     5 ||     5
  Use: Scroll            |       |       |     4 ||     4
Armor: Robe              |    40 |    15 |    19 ||    74
Dodge: Dodged            |    66 |    40 |    53 ||   159

Table legend: (Time is in decaauts)
 A = Elapsed time spent in this place.
 B = Non-inter-level travel time spent in this place.
 C = Inter-level travel time spent in this place.
 D = Time resting spent in this place.
 E = Time spent auto-exploring this place.
 F = Levels seen in this place.
 G = Mean time per level.
                   A        B        C        D        E       F      G
               +--------+--------+--------+--------+--------+-----+--------+
         Total |   5352 |   5088 |    264 |    421 |   3854 |   7 |  764.6 |
       Dungeon |   5352 |   5088 |    264 |    421 |   3854 |   7 |  764.6 |
               +--------+--------+--------+--------+--------+-----+--------+

Top non-repeatable levels by time:
     D:2: 971 daAuts
     D:6: 942 daAuts
     D:5: 901 daAuts
     D:1: 866 daAuts
     D:3: 772 daAuts
     D:4: 627 daAuts
     D:7: 270 daAuts
